 Dungeon Crawl Stone Soup version 0.32-a0-876-gcfddb08e57 (webtiles) character file.

Game seed: 3822857748200031748

1497367 TheMeInTeam the Acrobat (level 25, 191/191 HPs)
             Began as a Felid Monk on Mar 31, 2024.
             Was the Champion of Fedhas.
             Escaped with the Orb
             ... and 3 runes on Apr 2, 2024!
             The game lasted 03:59:45 (85152 turns).

TheMeInTeam the Acrobat (Felid Monk)               Turns: 85152, Time: 03:59:46

Health: 191/191    AC: 34    Str: 15    XL:     25   Next: 81%
Magic:  41/41      EV: 58    Int: 13    God:    Fedhas [******]
Gold:   7242       SH: 12    Dex: 40    Spells: 24/50 levels left
                                        Lives:  2   Deaths: 2

rFire   + +          .
                       - Unarmed
rCold   + . .        (shield unavailable)
rNeg    + . .        (body armour unavailable)
rPois   ∞            (helmet unavailable)
rElec   +            (cloak unavailable)
rCorr   .            (gloves unavailable)
SInv    +            (boots unavailable)
Will    ++++.        f - brooch of Shielding {Spirit SH+8}
Stlth   ++           P - ring of Beroiqy {rF+ SInv}
HPRegen 0.51/turn    I - ring "Zusot" {rC+ Str+5 Dex+6}
MPRegen 0.27/turn

%: guardian spirit
@: statue-form, hasted
A: slow and powerful, torment resistance 1, boosted hp, very small, claws 1,
fangs 3, see invisible, (shaggy fur 3), stealthy paws, no weapons or thrown
items, no armour, multi-lived, (iridescent scales 1), large bone plates 1, agile
1, fire resistance 1, strong-willed 1, passive freeze, sense surroundings 1,
weak 1, wild magic 1
0: Orb of Zot
}: 3/15 runes: barnacled, slimy, gossamer
a: Begin Untransformation, Renounce Religion, Wall of Briars, Grow
Ballistomycete, Overgrow, Grow Oklob


You escaped.
You worshipped Fedhas.
Fedhas was exalted by your worship.
You were a living statue of rough stone.
You visited 10 branches of the dungeon, and saw 51 of its levels.
You visited the Abyss 1 time.
You also visited: Trove, Gauntlet and Wizlab.

You collected 8686 gold pieces.
You spent 1444 gold pieces at shops.

Inventory:

Jewellery
 e - a ring of willpower
 f - the brooch of Shielding (around neck) {Spirit SH+8}
   (You took it off a deep elf pyromancer on level 3 of the Elven Halls)

   [amulet of guardian spirit]

   Spirit:    It causes incoming damage to be divided between your reserves of
   health and magic.
   SH+8:      It affects your SH (+8).
 k - a ring of protection from fire
 m - a ring of flight
 t - the ring of the Hare {EV+10}
   (You found it in a treasure trove)

   [ring of evasion]

   EV+10:     It affects your evasion (+10).
 z - the ring of Gozag, Bedazzling {rElec rCorr SInv}
   (You found it on level 4 of the Shoals)

   [ring of resist corrosion]

   rElec:     It insulates you from electricity.
   SInv:      It lets you see invisible.
   rCorr:     It protects you from acid and corrosion.
 I - the ring "Zusot" (right paw) {rC+ Str+5 Dex+6}
   (You took it off a deep elf pyromancer on level 12 of the Dungeon)

   [ring of dexterity]

   Str+5:     It affects your strength (+5).
   Dex+6:     It affects your dexterity (+6).
   rC+:       It protects you from cold.
 N - the necklace of Bloodlust {Fury *Rage Will++ Int-3 Slay+6}
   (You took it off a deep elf sorcerer on level 3 of the Elven Halls)

   [amulet of nothing]

   Fury:      It extends the wearer's berserk rage when killing foes.
   Int-3:     It affects your intelligence (-3).
   Slay+6:    It affects your accuracy & damage with ranged weapons and melee
   (+6).
   Will++:    It greatly increases your willpower.
   *Rage:     It berserks you when you make melee attacks (+50% chance).
 P - the ring of Beroiqy (left paw) {rF+ SInv}
   (You found it on level 5 of the Pits of Slime)

   [ring of see invisible]

   rF+:       It protects you from fire.
   SInv:      It lets you see invisible.
Talismans
 G - the death talisman "Sodoem" {+Blink rF+ Str+2 Dex-4}
   (You found it on level 3 of the Realm of Zot)

   [talisman of death]

   Str+2:     It affects your strength (+2).
   Dex-4:     It affects your dexterity (-4).
   rF+:       It protects you from fire.
   +Blink:    It lets you blink.
 R - the granite talisman "Totirphe" (active) {Str+6 Int-4 Dex+3}
   (You found it on level 5 of the Pits of Slime)

   [granite talisman]

   Str+6:     It affects your strength (+6).
   Int-4:     It affects your intelligence (-4).
   Dex+3:     It affects your dexterity (+3).
Wands
 o - a wand of mindburst (38)
 s - a wand of polymorph (25)
 y - a wand of light (18)
 B - a wand of paralysis (53)
 E - a wand of digging (11)
 M - a wand of warping (40)
Scrolls
 c - 25 scrolls of identify
 d - a scroll of silence
 h - 3 scrolls of immolation
 j - 2 scrolls of vulnerability
 l - 6 scrolls of amnesia
 r - a scroll of revelation
 x - 2 scrolls of blinking
 J - 9 scrolls of teleportation
 O - 3 scrolls of fear
 Q - 2 scrolls of fog
Potions
 a - 6 potions of might
 b - a potion of mutation
 g - 5 potions of enlightenment
 i - 7 potions of curing
 n - a potion of ambrosia
 p - 3 potions of berserk rage
 u - 2 potions of heal wounds
 v - 10 potions of lignification
 A - 5 potions of haste
 C - 3 potions of cancellation
 F - a potion of magic
 H - 6 potions of resistance
Miscellaneous
 w - a lightning rod (4/4)
 D - a tin of tremorstones (1/2)
 K - a phial of floods
 L - a phantom mirror


   Skills:
 - Level 20.0 Fighting
 - Level 22.0 Dodging
 - Level 10.0 Stealth
 - Level 20.0 Unarmed Combat
 + Level 13.2 Spellcasting
 - Level 10.0 Conjurations
 - Level 10.0 Hexes
 - Level 4.0 Air Magic
 - Level 4.0 Earth Magic
 - Level 10.0 Alchemy
 - Level 10.0 Invocations
 - Level 6.0 Evocations
 * Level 21.9 Shapeshifting


You had 24 spell levels left.
You knew the following spells:

 Your Spells              Type           Power      Damage    Failure   Level
a - Stone Arrow           Conj/Erth      68%        3d11      2%          3
b - Mercury Vapours       Alch/Air       68%        N/A       1%          2
c - Fulminant Prism       Conj/Alch      22%        3d12      2%          4
d - Olgreb's Toxic Radia  Alch           44%        N/A       2%          4
e - Irradiate             Conj/Alch      22%        3d19      6%          5
r - Mephitic Cloud        Conj/Alch/Air  38%        N/A       1%          3
w - Yara's Violent Unrav  Hex/Alch       22%        3d10      6%          5

Your spell library contained the following spells:

 Spells                   Type           Power      Damage    Failure   Level
 Magic Dart               Conj           100%       1d8       1%          1
 Sting                    Conj/Alch      100%       1d9       1%          1
 Searing Ray              Conj           88%        2d7       1%          2
 Static Discharge         Conj/Air       68%        3-6/arc   1%          2
 Confusing Touch          Hex            44%        N/A       1%          3
 Dazzling Flash           Conj/Hex       88%        N/A       1%          3
 Sigil of Binding         Hex            44%        N/A       1%          3
 Tukima's Dance           Hex            44%        N/A       1%          3
 Cause Fear               Hex            22%        N/A       2%          4
 Sandblast                Erth           48%        2d12      3%          1
 Cigotuvi's Dreadful Rot  Necr/Alch/Air  52%        N/A       3%          2
 Momentum Strike          Conj/Tloc      56%        3d9       3%          2
 Hailstorm                Conj/Ice       28%        3d8       5%          3
 Inner Flame              Hex/Fire       28%        N/A       5%          3
 Alistair's Intoxication  Alch           29%        N/A       6%          5
 Iskenderun's Battlesphe  Conj           44%        2d10      6%          5
 Brom's Barrelling Bould  Conj/Erth      34%        2d5       8%          4
 Petrify                  Alch/Erth      34%        N/A       8%          4
 Freeze                   Ice            44%        1d6       13%         1
 Necrotise                Necr           44%        1d6       13%         1
 Summon Small Mammal      Summ           44%        N/A       13%         1
 Anguish                  Hex/Necr       14%        N/A       16%         4
 Flame Wave               Conj/Fire      28%        2d9       16%         4
 Ignite Poison            Fire/Alch      28%        N/A       16%         4
 Iskenderun's Mystic Bla Conj/Tloc 28%            2d7        (+2d3     16%         4
 Sticky Flame             Fire/Alch      28%        2d7       16%         4
 Blink                    Tloc           22%        N/A       17%         2
 Lesser Beckoning         Tloc           22%        N/A       17%         2
 Arcjolt                  Conj/Air       17%        1d27      19%         5
 Silence                  Hex/Air        17%        N/A       19%         5
 Airstrike                Air            12%        2d(2-18)  22%         4
 Eringya's Noxious Bog    Alch           22%        4d6       28%         6
 Call Canine Familiar     Summ           11%        N/A       32%         3
 Frozen Ramparts          Ice            22%        1d4       32%         3
 Ozocubu's Armour         Ice            11%        N/A       32%         3
 Teleport Other           Tloc           11%        N/A       32%         3
 Vampiric Draining        Necr           11%        2d6       32%         3
 Fireball                 Conj/Fire      14%        3d8       36%         5
 Metabolic Englaciation   Hex/Ice        14%        N/A       36%         5
 Summon Mana Viper        Hex/Summ       28%        N/A       36%         5
 Freezing Cloud           Conj/Ice/Air   13%        6-21      41%         5
 Summon Lightning Spire   Summ/Air       17%        N/A       43%         4
 Vhi's Electric Charge    Tloc/Air       34%        N/A       43%         4
 Lee's Rapid Deconstruct  Erth           12%        3d8*      50%         5
 Bombard                  Conj/Erth      17%        9d3       65%         6
 Conjure Ball Lightning   Conj/Air       17%        3x3d6     65%         6
 Animate Dead             Necr           11%        N/A       71%         4
 Dispel Undead            Necr           11%        3d9       71%         4
 Martyr's Knell           Necr/Summ      11%        N/A       71%         4
 Passage of Golubria      Tloc           11%        N/A       71%         4
 Summon Blazeheart Golem  Fire/Summ      11%        N/A       71%         4
 Borgnjor's Vile Clutch   Necr/Erth      8%         N/A       77%         5
 Enfeeble                 Hex            22%        N/A       82%         7
 Orb of Destruction       Conj           22%        9d8       82%         7
 Sculpt Simulacrum        Ice/Alch       14%        N/A       89%         6
 Starburst                Conj/Fire      14%        6d6       89%         6
 Curse of Agony           Necr           11%        N/A       95%         5
 Summon Forest            Summ/Tloc      5%         N/A       95%         5
 Death Channel            Necr           5%         N/A       100%        6
 Dispersal                Tloc           5%         N/A       100%        6
 Gell's Gavotte           Tloc           5%         2d(13-20) 100%        6
 Plasma Beam              Fire/Air       8%         2x1d19    100%        6
 Summon Cactus Giant      Summ           5%         N/A       100%        6
 Haunt                    Necr/Summ      5%         N/A       100%        7
 Malign Gateway           Summ/Tloc      5%         N/A       100%        7
 Manifold Assault         Tloc           5%         N/A       100%        7
 Ozocubu's Refrigeration  Ice            5%         4d8       100%        7
 Spellforged Servitor     Conj/Summ      14%        N/A       100%        7
 Summon Hydra             Summ           5%         N/A       100%        7
 Discord                  Hex            22%        N/A       100%        8
 Disjunction              Tloc           5%         N/A       100%        8
 Ignition                 Fire           5%         3d4       100%        8
 Infestation              Necr           5%         N/A       100%        8
 Lehudib's Crystal Spear  Conj/Erth      17%        10d5      100%        8
 Maxwell's Capacitive Co  Air            12%        ∞         100%        8
 Fire Storm               Conj/Fire      14%        8d4       100%        9
 Polar Vortex             Ice            5%         N/A       100%        9
 Dimensional Bullseye     Hex/Tloc       Unusable   N/A       N/A         4
 Sublimation of Blood     Necr           Unusable   N/A       N/A         2

Dungeon Overview and Level Annotations

Branches:
Dungeon (15/15)            Temple (0/1) D:5            Lair (5/5) D:11
 Shoals (4/4) Lair:3       Spider (4/4) Lair:2        Slime (5/5) Lair:4
    Orc (2/2) D:11            Elf (3/3) Orc:2        Vaults (4/5) D:14
  Crypt (0/3) Vaults:3     Depths (4/4) D:15            Zot (5/5) Depths:4
 WizLab (visited)         Gauntlet (visited)

Altars:
Ashenzari
Dithmenos
Elyvilon
Fedhas
Gozag
Kikubaaqudgha
Nemelex Xobeh
Okawaru
Qazlal
Sif Muna
Trog
Vehumet
Xom
The Shining One
Beogh
Jiyva

Shops:
D:15 *   Orc:2 ![=*   Elf:2 [   Elf:3 [   Shoals:3 [   Vaults:2 (   Vaults:3 [
Depths:1 =

Portals:
Hell: Depths:1 Depths:2 Depths:3 Depths:4
Abyss: Depths:2 Depths:3
Pandemonium: Depths:2 Depths:3 Depths:4
Ziggurat: Depths:2

Annotations:
D:14 3 runed translucent doors, exclusion: 3 doors, 0gre's ghost, journeyman GnIE
Shoals:3 1 runed translucent door, exclusion: door, Xacloem's ghost, adept OnFE
Shoals:4 1 runed translucent door
Elf:3 2 transporters


Innate Abilities, Weirdness & Mutations

You are a living statue of rough stone.
Your actions are slow, but your melee attacks are powerful.
You are resistant to unholy torment.
Your maximum health is greatly increased.
You are immune to poison.
You have sharp claws.
You have razor-sharp teeth.
You have supernaturally acute eyesight. (SInv)
((Your thick and shaggy fur keeps you warm. (AC +3, rC+)))
Your paws help you pounce on unaware monsters.
You are incapable of wielding weapons or throwing items.
You cannot wear armour.
You gain extra lives every three experience levels.
((You are partially covered in iridescent scales. (AC +2)))
You are partially covered in large bone plates. (SH +4)
You are agile. (Dex +4, Str/Int -1)
Your flesh is heat resistant. (rF+)
You are strong-willed. (Will+)
A frigid envelope surrounds you and freezes all who hurt you.
You passively map a small area around you.
You are weak. (Str -2)
Your spells are a little harder to cast, but a little more powerful.


Message History

Vackuo misses you.
A ballistomycete spore comes into view.
There are monsters nearby!
You carefully extract the barbed spikes from your body.
Your ballistomycete spore explodes!
Vackuo appears confused.
The explosion of spores engulfs Vackuo!!
Vackuo is moderately wounded.
Vackuo completely misses you.
Vackuo closely misses itself.
An orange demon comes into view.
You scratch Vackuo but do no damage.
Vackuo is moderately wounded.
Your ballistomycete spore explodes!
Vackuo appears confused.
The explosion of spores engulfs Vackuo!!
Vackuo is heavily wounded.
A ballistomycete spore comes into view.
You catch the helpless Vackuo completely off-guard!
You eviscerate Vackuo!!!!!
You kill Vackuo!
Fedhas accepts your kill.
A Tzitzimitl comes into view.
The Tzitzimitl calls on the powers of darkness!
Your body is wracked with pain!
The orange demon completely misses you. x2
You eviscerate the Tzitzimitl!!! Your claw misses the Tzitzimitl.
You bite the Tzitzimitl, but do no damage.
The Tzitzimitl is heavily wounded.
Your ballistomycete spore explodes!
The orange demon appears confused.
The explosion of spores engulfs the orange demon!!
The orange demon is moderately wounded.
The Tzitzimitl engulfs you but does no damage.
The Tzitzimitl completely misses you.
You eviscerate the Tzitzimitl!!!
You kill the Tzitzimitl!
Fedhas accepts your kill.
A neqoxec comes into view.
The orange demon stings your ballistomycete!
The orange demon hits your ballistomycete!
Your ballistomycete looks weaker.
Your tin of tremorstones (1/2) has regained one charge.
The neqoxec gestures at you.
Strange energies course through your body.
You feel weaker.
You eviscerate the neqoxec!!!
You kill the neqoxec!
Fedhas accepts your kill.
The orange demon seems less confused.
You block the orange demon's attack. The orange demon misses you.
The orange demon stings you.
The orange demon is very cold.
The orange demon is moderately wounded.
The orange demon completely misses you.
A ballistomycete spore comes into view.
You eviscerate the orange demon!!!!
You kill the orange demon!
Fedhas accepts your kill.
Your ballistomycete spore explodes!
Fedhas protects your plant from harm.
There is a stone staircase leading up here.
Okay, then.
You climb upwards.
There is a stone staircase leading down here.
Things that are here:
a +0 mace; an orc skeleton
There is a stone staircase leading up here.
You climb upwards.
There is a stone staircase leading down here.
Magic restored.
An efreet comes into view.
It is wielding a +4 scimitar of flaming.
The efreet gestures at you. The bolt of fire hits you. You resist.
The efreet gestures at you. The bolt of fire misses you.
You block the efreet's attack. The efreet gestures at you.
The bolt of fire misses you.
An Executioner comes into view.
You eviscerate the efreet!!!
You kill the efreet!
Fedhas accepts your kill. You block the Executioner's attack.
The Executioner barely misses you.
The Executioner completely misses you. x3; The Executioner closely misses you.
You see here a +4 scimitar of flaming.
You eviscerate the Executioner!!!
The Executioner is almost dead.
The Executioner gestures.
The Executioner seems to speed up.
You miss the Executioner.
You bite the Executioner, but do no damage.
The Executioner is almost dead.
The Executioner completely misses you. The Executioner misses you.
The Executioner completely misses you. x7
You claw the Executioner!
You bite the Executioner, but do no damage.
The Executioner is almost dead.
You block the Executioner's attack. The Executioner misses you.
The Executioner completely misses you. x2
The Executioner hits you but does no damage.
The Executioner is very cold.
The Executioner resists.
You kill the Executioner!
Fedhas accepts your kill.
A Brimstone Fiend comes into view.
Things that are here:
a +0 giant club; an ogre skeleton The Brimstone Fiend hits you!
The Brimstone Fiend is very cold.
The Brimstone Fiend is frozen!
The Brimstone Fiend is lightly wounded.
You block the Brimstone Fiend's attack.
The Brimstone Fiend completely misses you.
You mangle the Brimstone Fiend!!
You bite the Brimstone Fiend, but do no damage.
The Brimstone Fiend is heavily wounded.
The Brimstone Fiend completely misses you.
The Brimstone Fiend hits you but does no damage.
The Brimstone Fiend is very cold.
The Brimstone Fiend is heavily wounded.
The Brimstone Fiend completely misses you.
You scratch the Brimstone Fiend but do no damage.
The Brimstone Fiend is heavily wounded.
The Brimstone Fiend calls on the powers of darkness!
Your body is wracked with pain!
You scratch the Brimstone Fiend but do no damage.
You claw the Brimstone Fiend!!
The Brimstone Fiend is severely wounded.
The Brimstone Fiend gestures at you.
The sphere of damnation explodes!
The damnation engulfs you!!
The damnation engulfs the Brimstone Fiend.
The Brimstone Fiend completely resists.
You completely miss the Brimstone Fiend.
The Brimstone Fiend is severely wounded.
The Brimstone Fiend completely misses you. x3
You mangle the Brimstone Fiend!! Your bite misses the Brimstone Fiend.
The Brimstone Fiend is almost dead.
The Brimstone Fiend gestures at you.
The sphere of damnation explodes!
The damnation engulfs you!!
The damnation engulfs the Brimstone Fiend.
The Brimstone Fiend completely resists.
You scratch the Brimstone Fiend but do no damage.
You bite the Brimstone Fiend!
The Brimstone Fiend is almost dead.
You block the Brimstone Fiend's attack.
The Brimstone Fiend hits you but does no damage.
The Brimstone Fiend is very cold.
The Brimstone Fiend is frozen!
You kill the Brimstone Fiend!
Fedhas accepts your kill.
Things that are here:
a +0 giant club; an ogre skeleton
There is a stone staircase leading up here.
You climb upwards.
There is a stone staircase leading down here.
There is a fountain of clear blue water here.
There is an open door here.
There is a fountain of clear blue water here.
There is a stone staircase leading up here.
You climb upwards.
There is a stone staircase leading down here.
Magic restored.
A Brimstone Fiend comes into view.
Casting: Mephitic Cloud (safe; 1% risk of failure)
Confirm with . or Enter, or press ? or * to list all spells.
You erupt in a fountain of uncontrolled magic!
The Brimstone Fiend is blasted with magical radiation!
The Brimstone Fiend is lightly wounded.
The Brimstone Fiend twists and deforms.
You are very lightly contaminated with residual magic.
You eviscerate the Brimstone Fiend!!! You bite the Brimstone Fiend.
The Brimstone Fiend is heavily wounded.
You scratch the Brimstone Fiend but do no damage.
The Brimstone Fiend is heavily wounded.
The Brimstone Fiend completely misses you. x2
You block the Brimstone Fiend's attack.
You mangle the Brimstone Fiend!! You bite the Brimstone Fiend.
The Brimstone Fiend is almost dead.
The Brimstone Fiend misses you. You block the Brimstone Fiend's attack.
The Brimstone Fiend completely misses you.
You barely miss the Brimstone Fiend.
You bite the Brimstone Fiend, but do no damage.
The Brimstone Fiend is almost dead.
You block the Brimstone Fiend's attack.
The Brimstone Fiend completely misses you. x2
You mangle the Brimstone Fiend!!
You kill the Brimstone Fiend!
Fedhas accepts your kill.
Your magical contamination has completely faded away.
There is an escape hatch in the ceiling here.
A mysterious force pulls you upwards. The hatch slams shut behind you.
Items here: ( ) ÷÷.
Things that are here:
a +0 dagger; a goblin skeleton
Things that are here:
a +0 ring mail; a +0 short sword; a hobgoblin skeleton
There is a stone staircase leading up here.
You climb upwards.
There is a stone staircase leading down here.
An efreet comes into view.
It is wielding a +0 scimitar of flaming.
You feel yourself speed up.
There is an open door here.
There is a staircase leading out of the dungeon here.
You feel much better.
You have escaped!

########.#######
#...# #####.# #.#
* #.#.# #.# ##.##
#♣..## #.# #...#
♣...########.#
#...#
♣.#.#.....##.#
#...# *
♣...#.........
#...#
######..#.....##.#
######.##
#....#..#####.##.#
#.......#
#I.ß.'..#####.##.#
#.......#
#..ß.#..##........
#....)..#
#....#..##........
#.......#
######..##........
#.......#
♣♣..##........
#.......#
#♣.....###.#...
######†###
#.####.###.....
########....#
#.####.........
#....)......####
####....##.....


There were no monsters in sight!

Vanquished Creatures
  the Royal Jelly (Slime:5)
  5 orbs of fire
  Mara (Depths:1)
  2 pandemonium lords
  Boris (thrice) (Vaults:1 Vaults:4 Depths:4)
  Parghit (Depths:3)
  2 Killer Klowns (Zot:5)
  4 curse toes
  Saint Roka (Orc:2)
  2 caustic shrikes (Depths:3)
  13 golden dragons
  Nikola (Depths:2)
  Arachne (Spider:2)
  2 Brimstone Fiends
  A Tzitzimitl (D:7)
  2 electric golems (Zot:5)
  2 liches
  Jorgrun (D:15)
  13 tentacled monstrosities
  2 deep elf blademasters
  Mlioglotl (Spider:2)
  Asterion (Vaults:1)
  34 Orb Guardians
  A titan (Depths:1)
  4 quicksilver dragons
  A deep elf master archer (Elf:3)
  24 acid blobs
  5 death cobs
  A kraken (Shoals:2)
  3 sphinxes
  An Executioner (D:5)
  7 shadow dragons
  Donald (Shoals:1)
  A tengu reaver (Depths:4)
  12 storm dragons
  8 azure jellies (Slime:5)
  6 fire giants
  A protean progenitor (Zot:5)
  Roxanne (D:14)
  4 frost giants
  4 draconian knights
  14 deep elf sorcerers
  5 vault wardens
  13 rockslimes
  4 draconian monks
  4 emperor scorpions
  3 orc warlords
  5 draconian scorchers
  A draconian shifter (Zot:3)
  Louise (Elf:1)
  3 balrugs
  2 deep elf elementalists (Elf:3)
  8 draconian stormcallers
  6 ghost moths
  A demonspawn corrupter (Depths:2)
  5 draconian annihilators
  12 ironbound preservers
  8 broodmothers
  A cacodemon (Depths:2)
  10 stone giants
  16 quicksilver oozes
  5 ironbound thunderhulks
  3 formless jellyfish
  3 deep elf demonologists (Elf:3)
  27 very ugly things
  2 demonspawn black suns (D:7)
  9 green draconians
  8 deep elf death magi
  6 black draconians
  A lorocyproca (D:7)
  2 war gargoyles (Vaults:4)
  8 dire elephants (Vaults:2)
  17 purple draconians
  8 yellow draconians
  4 deep elf annihilators (Elf:3)
  3 red draconians
  11 spark wasps
  A minotaur (Gauntlet)
  8 white draconians
  9 ettins
  3 statues (WizLab)
  4 merfolk javelineers
  5 fire dragons
  4 merfolk impalers
  Josephine (D:15)
  6 entropy weavers
  10 yaktaur captains
  6 vault guards (Vaults:4)
  9 great orbs of eyes
  5 ice dragons
  5 deep elf high priests
  6 rakshasas
  A hell beast (Depths:3)
  A peacekeeper (Vaults:4)
  Erolcha (D:12)
  9 hydras
  An ogre mage (D:12)
  2 spriggan air magi
  4 anacondas
  27 centaur warriors
  7 catoblepae
  5 ironbound frosthearts
  4 two-headed ogres
  2 merfolk aquamancers (Shoals:4)
  12 boulder beetles
  5 jorogumos (Spider:4)
  2 alligator snapping turtles
  29 dancing weapons
  2 merfolk avatars (Shoals:4)
  4 tengu warriors
  A radroach (Spider:4)
  18 death yaks
  2 vampire magi
  5 deep troll earth magi
  2 hell hogs (Depths:3)
  8 deep troll shamans
  6 orc high priests
  3 satyrs
  4 occultists
  6 spriggan berserkers
  11 demonic crawlers
  6 sun demons (Depths:1)
  13 deep elf knights
  A sixfirhy (Zot:4)
  2 soul eaters
  A hell knight (Depths:1)
  A shock serpent (shapeshifter) (Depths:1)
  16 iron trolls
  2 skeletal warriors (D:15)
  A death drake (Abyss:3)
  55 deep trolls
  11 sea snakes
  6 skysharks
  2 spriggan druids (Depths:3)
  7 orb spiders
  11 pharaoh ants
  A spark wasp zombie (D:15)
  A mana viper (Abyss:3)
  4 arcanists
  6 glowing orange brains
  10 orc knights
  11 ironbound convokers
  2 shadow demons
  3 sun moths
  9 lindwurms
  16 harpies
  15 deep elf zephyrmancers
  5 steelbarb worms
  6 thermic dynamos (Elf:3)
  An obsidian bat (Abyss:3)
  4 necromancers
  10 deep elf archers
  A phantasmal warrior (Vaults:4)
  27 deep elf pyromancers
  8 orc sorcerers
  5 shining eyes
  11 fauns
  50 ugly things
  A fire giant zombie (Vaults:4)
  2 starcursed masses (Abyss:3)
  Maurice (D:12)
  A tengu skeleton (Vaults:4)
  The ghost of Heh the Trooper, a novice OpAl (D:8)
  18 manticores
  26 wolf spiders
  27 moths of wrath
  5 cyclopes
  A kobold blastminer (Orc:1)
  A worldbinder (Abyss:3)
  10 elephants
  A human skeleton (Vaults:4)
  A toenail golem (Zot:2)
  6 merfolk sirens
  An eye of devastation (Slime:4)
  12 vault sentinels
  5 smoke demons
  A torpor snail (Spider:2)
  5 black mambas
  An apocalypse crab (Abyss:3)
  11 cane toads
  8 large abominations
  An unseen horror (Abyss:3)
  10 water nymphs
  3 orange demons
  13 komodo dragons
  A gargoyle (D:10)
  34 yaktaurs
  2 freezing wraiths (D:15)
  2 kobold demonologists
  3 rime drakes
  A tormentor (Depths:3)
  5 efreet
  17 tengu conjurers
  A hellion (Depths:2)
  4 polar bears
  A red devil (D:7)
  6 trolls
  2 ancient zymes (Abyss:3)
  5 hornets
  A merfolk (shapeshifter) (Depths:3)
  20 tarantellas
  22 blink frogs
  3 hellwings (Zot:4)
  29 merfolk
  8 wind drakes
  2 raiju (shapeshifter)
  A blink frog (shapeshifter) (D:10)
  Grinder (D:5)
  6 glass eyes
  17 dream sheep
  125 slime creatures
  29 jumping spiders
  A human simulacrum (Vaults:4)
  11 snapping turtles
  A spriggan skeleton (D:15)
  21 culicivoras
  An air elemental (Elf:1)
  3 shadows
  3 spriggans
  9 water elementals
  74 yaks
  3 vampires (Vaults:3)
  2 ynoxinuls (Abyss:3)
  2 wyverns (Lair:5)
  6 wraiths
  A fire elemental (Elf:2)
  2 golden eyes (shapeshifter) (D:10)
  51 redbacks
  4 fire bats (D:10)
  16 golden eyes
  20 vampire mosquitoes
  4 basilisks
  2 neqoxecs
  2 steam dragons
  2 wargs (Orc:1)
  A chaos spawn (Zot:4)
  2 small abominations (Abyss:3)
  18 water moccasins
  24 orc warriors
  3 black bears
  6 laughing skulls
  A sky beast (D:10)
  4 ogres
  8 ice beasts
  4 boggarts (Vaults:3)
  13 wolves
  6 centaurs
  4 kobold brigands
  16 bullfrogs
  An elf zombie (Elf:1)
  3 gnoll sergeants
  2 earth elementals (Elf:1)
  8 wights
  15 killer bees
  4 electric eels
  6 howler monkeys
  A bombardier beetle (D:6)
  A quasit (Abyss:3)
  3 hounds
  30 orc priests
  2 jellies (Lair:4)
  23 orc wizards
  An iguana (D:5)
  6 gnolls
  9 adders
  A white imp (Vaults:1)
  3 dart slugs
  59 orcs
  12 ball pythons
  6 endoplasms
  3 giant cockroaches
  2 goblins
  5 hobgoblins
  3 jackals (D:2)
  2 quokkas (D:2)
  3 bats
  3 frilled lizards (D:2)
  21 kobolds
  7 rats
  An aspiring flesh (Zot:5)
  2 ballistomycete spores
  6 tentacles (Shoals:2)
2153 creatures vanquished.

Vanquished Creatures (collateral kills)
  The ghost of Pooter the Severer, an adept MiBe of Trog (Shoals:4)
  A dancing weapon (Elf:2)
  A spark wasp zombie (D:15)
  2 deep elf zephyrmancers (Elf:2)
  A cyclops (D:12)
  A deep elf pyromancer (Elf:2)
  A manticore (D:12)
  56 ballistomycete spores
64 creatures vanquished.

Vanquished Creatures (others)
  A merfolk aquamancer (Shoals:4)
  A two-headed ogre (D:7)
  A vampire mage (D:15)
  A deep elf archer (Elf:2)
  A tengu conjurer (WizLab)
  A water elemental (D:14)
  A golden eye (Slime:3)
  A redback (Spider:2)
  A centaur (D:7)
  2 hounds
  An orc priest (Orc:2)
  2 sleepcaps
  An iguana (D:7)
  A gnoll (D:7)
  An ufetubus (D:7)
  2 orcs (D:7)
  4 ballistomycete spores
  63 fulminant prisms
  6 tentacles (Shoals:2)
92 creatures vanquished.

Grand Total: 2309 creatures vanquished

Notes
Turn   | Place    | Note
-------+----------+-------------------------------------------
     0 | D:1      | TheMeInTeam the Felid Monk began the quest for the Orb.
     0 | D:1      | Reached XP level 1. HP: 12/12 MP: 2/2
   170 | D:1      | Reached XP level 2. HP: 16/16 MP: 3/3
   300 | D:1      | Reached skill level 1 in Stealth
  1360 | D:2      | Reached XP level 3. HP: 20/20 MP: 4/4
  2159 | D:3      | Reached XP level 4. HP: 25/25 MP: 5/5
  2159 | D:3      | Gained a life (2 lives remaining)
  2859 | D:3      | Reached XP level 5. HP: 25/29 MP: 6/6
  3093 | D:4      | Reached skill level 5 in Dodging
  3172 | D:4      | Found a blossoming altar of Fedhas.
  3198 | D:4      | Became a worshipper of Fedhas Madash
  3198 | D:4      | Reached * piety under Fedhas
  3198 | D:4      | Reached ** piety under Fedhas
  3744 | D:5      | Entered Level 5 of the Dungeon
  3769 | D:5      | Found a staircase to the Ecumenical Temple.
  3821 | D:5      | Found a glowing golden altar of the Shining One.
  3885 | D:5      | Noticed a water moccasin
  3899 | D:5      | Killed a water moccasin
  3900 | D:5      | Gained mutation: You are covered in thick fur. (AC +2)
                  | [Felid growth]
  3900 | D:5      | Reached XP level 6. HP: 34/34 MP: 7/7
  3940 | D:5      | Reached skill level 1 in Invocations
  3961 | D:5      | Noticed Grinder
  4110 | D:5      | Found a shimmering blue altar of Sif Muna.
  4262 | D:5      | Found a sparkling altar of Nemelex Xobeh.
  4281 | D:5      | Reached skill level 5 in Fighting
  4281 | D:5      | Reached skill level 5 in Unarmed Combat
  4705 | D:6      | Reached XP level 7. HP: 22/39 MP: 9/9
  5422 | D:7      | Reached skill level 6 in Dodging
  5597 | D:7      | Found a shadowy altar of Dithmenos.
  5844 | D:7      | Reached XP level 8. HP: 44/44 MP: 10/10
  5964 | D:7      | Reached skill level 5 in Stealth
  6051 | D:7      | Found a shimmering altar of Xom.
  6051 | D:7      | Noticed a hornet
  6645 | D:9      | Found an iron altar of Okawaru.
  6645 | D:9      | Found a white marble altar of Elyvilon.
  6791 | D:9      | Reached skill level 7 in Dodging
  7053 | D:8      | Found a transporter.
  7091 | D:8      | Reached XP level 9. HP: 34/50 MP: 12/12
  7165 | D:8      | Noticed a moth of wrath
  7166 | D:8      | Noticed a two-headed ogre
  7174 | D:8      | Found a bloodstained altar of Trog.
  7181 | D:8      | Found a transporter.
  7198 | D:8      | Noticed Heh's ghost (novice OpAl)
  7462 | D:9      | Found a stormy altar of Qazlal.
  7610 | D:9      | Reached *** piety under Fedhas
  8098 | D:8      | Noticed a boulder beetle
  8180 | D:7      | Noticed a two-headed ogre
  8269 | D:7      | Killed a two-headed ogre
  8357 | D:6      | Reached skill level 8 in Dodging
  8789 | D:8      | Noticed an eight-headed hydra
  8811 | D:8      | Killed an eight-headed hydra
  8812 | D:8      | Reached XP level 10. HP: 40/57 MP: 14/14
  9676 | D:8      | Killed a boulder beetle
  9677 | D:8      | Reached skill level 5 in Invocations
  9854 | D:9      | Reached skill level 9 in Dodging
 10018 | D:9      | Noticed a two-headed ogre
 10020 | D:9      | Killed a two-headed ogre
 10121 | D:9      | Learned a level 3 spell: Mephitic Cloud
 10126 | D:10     | Entered Level 10 of the Dungeon
 10219 | D:10     | Found a broken altar of Ashenzari.
 10401 | D:10     | Noticed a two-headed ogre
 10697 | D:10     | Noticed a boulder beetle
 10809 | D:9      | Noticed a rust devil
 10815 | D:9      | Noticed a rust devil
 10830 | D:9      | Reached skill level 1 in Spellcasting
 10962 | D:9      | Killed a two-headed ogre
 10963 | D:9      | Reached skill level 1 in Conjurations
 10963 | D:9      | Reached skill level 1 in Air Magic
 10963 | D:9      | Reached skill level 1 in Alchemy
 10963 | D:9      | Reached XP level 11. HP: 62/62 MP: 16/16
 11009 | D:10     | Noticed a two-headed ogre
 11197 | D:5      | Killed Grinder
 11321 | D:7      | Found a shadowy altar of Dithmenos.
 11966 | D:9      | Learned a level 2 spell: Mercury Vapours
 11995 | D:10     | Killed a two-headed ogre
 12196 | D:10     | Killed a boulder beetle
 12379 | D:10     | You fall into a shaft and drop 1 floor!
 12733 | D:10     | Reached skill level 10 in Fighting
 12747 | D:10     | Noticed a deep elf pyromancer
 12758 | D:10     | Killed a deep elf pyromancer
 12759 | D:10     | Reached skill level 10 in Unarmed Combat
 12913 | D:10     | Noticed a deep elf archer
 12924 | D:10     | Killed a deep elf archer
 12925 | D:10     | Reached skill level 10 in Dodging
 13051 | D:10     | Noticed a deep elf archer
 13067 | D:10     | Killed a deep elf archer
 13193 | D:10     | Reached **** piety under Fedhas
 13222 | D:10     | Noticed a harpy
 13223 | D:10     | Noticed a deep elf pyromancer
 13226 | D:10     | Noticed a deep elf pyromancer
 13335 | D:10     | Noticed a deep elf pyromancer
 13336 | D:10     | Noticed a deep elf archer
 13344 | D:10     | Killed a deep elf pyromancer
 13349 | D:10     | Killed a deep elf archer
 13355 | D:10     | Killed a deep elf pyromancer
 13888 | D:10     | Noticed a harpy
 13896 | D:10     | a harpy changed into a shapeshifter
 13928 | D:10     | Reached skill level 10 in Stealth
 13962 | D:10     | Killed a deep elf pyromancer
 13963 | D:10     | Gained mutation: Your thick and shaggy fur keeps you warm.
                  | (AC +3, rC+) [Felid growth]
 13963 | D:10     | Reached XP level 12. HP: 68/68 MP: 15/17
 14391 | D:11     | Learned a level 4 spell: Olgreb's Toxic Radiance
 14437 | D:11     | Found a staircase to the Orcish Mines.
 14488 | D:11     | Noticed a centaur warrior
 14496 | D:11     | Killed a centaur warrior
 14612 | D:11     | Noticed a boulder beetle
 14618 | D:11     | Killed a boulder beetle
 14664 | D:11     | Found a staircase to the Lair.
 15002 | Lair:1   | Entered Level 1 of the Lair of Beasts
 15111 | Lair:1   | Got the Precepts of Sidekicks
 16072 | Lair:1   | Noticed a six-headed hydra
 16092 | Lair:1   | Killed a six-headed hydra
 16093 | Lair:1   | Reached skill level 11 in Dodging
 16121 | Lair:1   | Learned a level 3 spell: Stone Arrow
 16145 | Lair:1   | Noticed a six-headed hydra
 16150 | Lair:1   | Noticed a catoblepas
 16178 | Lair:1   | Killed a six-headed hydra
 16184 | Lair:1   | Killed a catoblepas
 16467 | Lair:2   | Found a hole to the Spider Nest.
 16549 | Lair:2   | Reached skill level 1 in Earth Magic
 16827 | Lair:2   | Found a radiant altar of Vehumet.
 17121 | Lair:2   | Noticed a boulder beetle
 17136 | Lair:2   | Killed a boulder beetle
 17256 | Lair:2   | Reached XP level 13. HP: 74/74 MP: 11/20
 17807 | Lair:3   | Reached ***** piety under Fedhas
 18703 | Lair:3   | Found a staircase to the Shoals.
 18841 | Lair:4   | Found a gate leading to a gauntlet.
 18856 | Gauntlet | Entered a Gauntlet
 18856 | Gauntlet | Found a transporter.
 18859 | Gauntlet | Found a transporter.
 18875 | Gauntlet | Found a transporter.
 18879 | Gauntlet | Found a transporter.
 18889 | Gauntlet | Found a transporter.
 18909 | Gauntlet | Found a transporter.
 18912 | Gauntlet | Found a transporter.
 18916 | Gauntlet | Found a transporter.
 18939 | Gauntlet | Found a transporter.
 18956 | Gauntlet | Found a transporter.
 18960 | Gauntlet | Found a transporter.
 18960 | Gauntlet | Noticed a green death
 18968 | Gauntlet | Found a transporter.
 19057 | Gauntlet | Killed from afar by a laughing skull
 19057 | Gauntlet | Lost a life (1 life remaining)
 19076 | Gauntlet | Identified the +4 orcbow "Lifebane" {freeze, rElec rN+
                  | SInv}
 19076 | Gauntlet | Identified the +0 ice dragon scales "Jumuebac" {rF- rC++
                  | Will- Str+3}
 19076 | Gauntlet | Noticed a minotaur
 19084 | Gauntlet | Killed a minotaur
 19085 | Gauntlet | Reached skill level 5 in Alchemy
 19090 | Gauntlet | Got the Compendium of Dark Jinxing
 19098 | Gauntlet | Identified the +3 hat of the Shrike {Harm ^Drain Str+2}
 19099 | Gauntlet | Got the Codex of the Impact
 19200 | Lair:4   | Reached skill level 5 in Spellcasting
 19337 | Lair:4   | Found a viscous altar of Jiyva.
 19337 | Lair:4   | Found a staircase to the Slime Pits.
 19548 | Lair:4   | Reached skill level 1 in Evocations
 19610 | Lair:4   | Reached skill level 12 in Dodging
 20578 | Lair:4   | Reached XP level 14. HP: 81/81 MP: 19/23
 20578 | Lair:4   | Gained a life (2 lives remaining)
 20920 | Lair:5   | Entered Level 5 of the Lair of Beasts
 21461 | Lair:5   | Reached skill level 5 in Conjurations
 21711 | Lair:5   | Reached ****** piety under Fedhas
 21837 | Lair:5   | Found an ancient bone altar of Kikubaaqudgha.
 22517 | Lair:5   | Identified the serpent talisman "Widub" {*Corrode rElec rC+
                  | Dex+2}
 23055 | Lair:5   | Reached skill level 1 in Shapeshifting
 23621 | Lair:5   | Learned a level 4 spell: Fulminant Prism
 23794 | Orc:1    | Entered Level 1 of the Orcish Mines
 24071 | Orc:2    | Entered Level 2 of the Orcish Mines
 24120 | Orc:2    | Reached skill level 13 in Dodging
 24494 | Orc:2    | Paralysed by an orc sorcerer for 4 turns
 24577 | Orc:2    | Reached XP level 15. HP: 57/84 MP: 18/25
 25042 | Orc:2    | Found Niczar's Jewellery Boutique.
 25042 | Orc:2    | Found Suan's Distillery.
 25042 | Orc:2    | Found Jeemetso's Armour Shop.
 25046 | Orc:2    | Found Lyckug's General Store.
 25080 | Orc:2    | Bought a scroll of fear for 64 gold pieces
 25080 | Orc:2    | Bought a wand of digging (7) for 470 gold pieces
 25082 | Orc:2    | Bought a potion of curing for 42 gold pieces
 25082 | Orc:2    | Bought 2 potions of lignification for 84 gold pieces
 25082 | Orc:2    | Bought 2 potions of haste for 280 gold pieces
 25082 | Orc:2    | Bought a potion of lignification for 42 gold pieces
 25082 | Orc:2    | Bought a potion of magic for 112 gold pieces
 25082 | Orc:2    | Bought a potion of heal wounds for 70 gold pieces
 25082 | Orc:2    | Bought a potion of haste for 140 gold pieces
 25082 | Orc:2    | Bought a potion of resistance for 140 gold pieces
 25319 | Orc:2    | Noticed Saint Roka
 25701 | Orc:2    | Killed Saint Roka
 26035 | Orc:2    | Found a staircase to the Elven Halls.
 26054 | Orc:1    | Found a roughly hewn altar of Beogh.
 26263 | Orc:1    | Found a roughly hewn altar of Beogh.
 26525 | D:12     | Noticed Maurice
 26776 | D:12     | Noticed Erolcha
 26786 | D:12     | Killed Maurice
 26788 | D:12     | Killed Erolcha
 26789 | D:12     | Reached skill level 5 in Evocations
 26914 | D:12     | Found a large runed translucent door.
 26921 | D:12     | Found a large runed translucent door.
 27199 | D:12     | Found a large runed translucent door.
 27203 | D:12     | Found a large runed translucent door.
 27294 | D:12     | Identified the ring "Zusot" {rC+ Str+5 Dex+6}
 27486 | D:12     | Got the Guide on Cold and the Crater
 29639 | D:14     | Found a gate to the Vaults.
 29919 | D:14     | Noticed Roxanne
 29939 | D:14     | Killed Roxanne
 30059 | D:14     | Noticed 0gre's ghost (journeyman GnIE)
 30059 | D:14     | Found a runed translucent gate.
 30059 | D:14     | Found a runed translucent gate.
 30059 | D:14     | Found a runed translucent gate.
 30735 | D:14     | Reached skill level 14 in Dodging
 30756 | D:14     | Reached skill level 10 in Invocations
 31301 | D:15     | Entered Level 15 of the Dungeon
 31403 | D:15     | Found an opulent altar of Gozag.
 31408 | D:15     | Found Gozag's Platinum Reserve.
 32256 | D:15     | Reached XP level 16. HP: 69/93 MP: 2/26
 32609 | D:15     | Noticed Jorgrun
 32616 | D:15     | Found a staircase to the Depths.
 32620 | D:15     | Noticed Josephine
 32625 | D:15     | Killed Jorgrun
 32670 | D:15     | Killed Josephine
 33618 | Shoals:1 | Entered Level 1 of the Shoals
 33820 | Shoals:1 | Got the Incunable of Ensorcelling
 34077 | Shoals:1 | Identified the +3 rapier of Libicw {freeze, Int+3 SInv
                  | Stlth+}
 34101 | Shoals:1 | Noticed Donald
 34115 | Shoals:1 | Killed Donald
 34548 | Shoals:1 | Reached skill level 5 in Shapeshifting
 34930 | Shoals:2 | Noticed a kraken
 34945 | Shoals:1 | Reached skill level 15 in Dodging
 36362 | Shoals:2 | Killed a kraken
 36896 | Shoals:3 | Found Gyuciloa's Armour Shoppe.
 36898 | Shoals:3 | Found a shimmering altar of Xom.
 37093 | Shoals:3 | Found a runed translucent door.
 37535 | Shoals:3 | Reached skill level 16 in Dodging
 37681 | Shoals:3 | Noticed Xacloem's ghost (adept OnFE)
 37910 | Spider:1 | Entered Level 1 of the Spider Nest
 38013 | Spider:1 | Reached XP level 17. HP: 97/97 MP: 18/30
 39076 | Spider:2 | Noticed Mlioglotl
 39747 | Spider:2 | Reached skill level 17 in Dodging
 39759 | Spider:2 | Noticed Arachne
 39773 | Spider:2 | Killed Arachne
 40240 | Spider:2 | Killed Mlioglotl
 41228 | Spider:3 | Reached skill level 10 in Shapeshifting
 42365 | Spider:4 | Entered Level 4 of the Spider Nest
 42558 | Spider:4 | Reached skill level 18 in Dodging
 43015 | Spider:4 | Found the +5 robe of Night {Dark Will+ SInv}
 43109 | Spider:3 | Reached XP level 18. HP: 68/99 MP: 1/31
 44975 | Spider:4 | Identified a scroll of acquirement
 44978 | Spider:4 | Acquired 581 gold pieces
 45390 | Spider:4 | Got a gossamer rune of Zot
 45521 | Spider:4 | Paralysed by a jorogumo for 1 turns
 45962 | Shoals:4 | Entered Level 4 of the Shoals
 46364 | Shoals:4 | Found a runed translucent door.
 46364 | Shoals:4 | Noticed Pooter's ghost (adept MiBe)
 48285 | Shoals:4 | Identified the staff of the Piercing Gods {rElec Int+2
                  | Dex+4 Hexes Air}
 48597 | Shoals:4 | Got a barnacled rune of Zot
 49165 | Shoals:4 | Identified the ring of Gozag, Bedazzling {rElec rCorr SInv}
 50103 | Shoals:4 | Killed Pooter's ghost
 50104 | Shoals:4 | Reached skill level 19 in Dodging
 50408 | D:8      | Killed Heh's ghost
 50742 | Elf:1    | Entered Level 1 of the Elven Halls
 50860 | Elf:1    | Found a magical portal.
 50865 | WizLab   | Entered Iskenderun's Mystic Tower
 51257 | WizLab   | Reached skill level 15 in Unarmed Combat
 51908 | WizLab   | Reached skill level 15 in Fighting
 52962 | WizLab   | Got the Secrets of Orthodoxy
 53014 | WizLab   | Reached XP level 19. HP: 108/108 MP: 29/32
 53015 | WizLab   | Got Iskenderun's Handbook of the Shot
 53025 | WizLab   | Identified the +8 broad axe of Kuat {drain, rC+ Str+4 Int+4
                  | Dex+2}
 53849 | Elf:1    | Noticed Louise
 53965 | Elf:1    | Killed Louise
 55141 | Elf:1    | Learned a level 5 spell: Irradiate
 55147 | Elf:1    | Learned a level 5 spell: Yara's Violent Unravelling
 55200 | Elf:2    | Reached skill level 1 in Hexes
 55392 | Elf:2    | Found Wagainub's Antique Armour Shoppe.
 56503 | Elf:2    | Found a runed translucent gate.
 56504 | Elf:2    | Found a runed translucent gate.
 56504 | Elf:2    | Found a runed translucent gate.
 58729 | Elf:3    | Entered Level 3 of the Elven Halls
 58804 | Elf:3    | Found a transporter.
 58806 | Elf:3    | Found Rume's Antique Armour Shoppe.
 59327 | Elf:3    | Found a transporter.
 59577 | Elf:3    | Identified the +13 plate armour "Ewis" {rPois Will+}
 60112 | Elf:3    | HP: 5/127 [deep elf blademaster/+0 rapier (2)]
 60116 | Elf:3    | Slain by a deep elf blademaster
 60116 | Elf:3    | Lost a life (1 life remaining)
 60383 | Elf:3    | Reached skill level 5 in Hexes
 60721 | Elf:3    | Identified the +2 whip of Regicide {elec, rElec rC+ Int+4}
 60733 | Elf:3    | Reached skill level 20 in Dodging
 60772 | Abyss:2  | Cast into level 2 of the Abyss (a deep elf sorcerer)
 60832 | Abyss:3  | Found a corrupted altar of Lugonu.
 60841 | Abyss:3  | Found a corrupted altar of Lugonu.
 60908 | Abyss:3  | HP: 5/130 [cyan very ugly thing (6)]
 61234 | Abyss:3  | Reached XP level 20. HP: 104/114 MP: 33/33
 61234 | Abyss:3  | Gained a life (2 lives remaining)
 61391 | Abyss:3  | Noticed a bone dragon
 61398 | Elf:3    | Escaped the Abyss
 62410 | Elf:3    | Identified the staff of Eminent Domain {^Drain +Blink Fly
                  | rF+ Dex+6 Fire}
 62456 | Elf:3    | Found the +6 arbalest "Damnation" {damnation}
 62464 | Elf:3    | Got the Volume of Powerful Production
 62472 | Elf:3    | Got the Textbook on the Profulgent Charnel House
 62538 | Elf:3    | Identified the staff of the Blushing Gods {Conj Summ Tloc}
 62829 | Vaults:1 | Entered Level 1 of the Vaults
 63063 | Vaults:1 | Noticed Asterion
 63322 | Vaults:1 | Identified the +3 robe of Purpose {Rampage Will++ Str+2
                  | Int+4}
 63322 | Vaults:1 | Noticed Boris
 63352 | Vaults:1 | Killed Boris
 63821 | Vaults:1 | Killed Asterion
 65156 | Vaults:2 | Found Mioxteu's Weapon Emporium.
 66751 | Vaults:3 | Reached skill level 10 in Alchemy
 66834 | Vaults:3 | Reached skill level 10 in Conjurations
 66838 | Vaults:3 | Reached XP level 21. HP: 119/119 MP: 29/34
 66932 | Vaults:3 | Reached skill level 21 in Dodging
 67480 | Vaults:3 | Reached skill level 15 in Shapeshifting
 67771 | Vaults:3 | Paralysed by a formless jellyfish for 1 turns
 67775 | Vaults:3 | Reached skill level 10 in Hexes
 68383 | Vaults:3 | Found Ilayc's Antique Armour Boutique.
 68486 | Vaults:3 | Found a staircase to the Crypt.
 68811 | Vaults:4 | Identified the +2 ring mail of the Hippo {Int+4}
 69151 | Vaults:4 | Identified the +4 robe "Zudebet" {Harm *Corrode rF+
                  | Archmagi}
 69151 | Vaults:4 | Noticed Boris
 69164 | Vaults:4 | Killed Boris
 69207 | Vaults:4 | Reached skill level 22 in Dodging
 70453 | Depths:1 | Entered Level 1 of the Depths
 70654 | Depths:1 | Found a gateway to Hell.
 70824 | Depths:1 | Found a shimmering blue altar of Sif Muna.
 70854 | Depths:1 | Reached XP level 22. HP: 70/126 MP: 3/35
 71104 | Depths:1 | Found Jocs's Jewellery Boutique.
 71377 | Depths:2 | Noticed Mara
 71381 | Depths:2 | Found a one-way gate to the infinite horrors of the Abyss.
 71386 | Depths:2 | Noticed TheMeInTeam's illusion
 71409 | Depths:1 | Killed Mara
 71751 | Depths:2 | Noticed Nikola
 71768 | Depths:2 | Killed Nikola
 71856 | Depths:2 | Found a one-way gateway to a ziggurat.
 72287 | Depths:2 | Found a portal to a secret trove of treasure.
 72652 | Depths:2 | Found a one-way gate leading to the halls of Pandemonium.
 72741 | Depths:2 | You paid a toll of 6 scrolls of fog to enter a treasure
                  | trove
 72742 | Trove    | Entered a treasure trove
 72747 | Trove    | Found the ring of the Hare {EV+10}
 72753 | Trove    | Identified the amulet of Vyeng {Acrobat -Cast rElec Stlth+}
 72772 | Trove    | Identified the ring "Lusiak" {Fire rPois Dex+4}
 73024 | Depths:3 | Noticed Parghit
 73038 | Depths:3 | Killed Parghit
 73381 | Depths:3 | Noticed a caustic shrike
 73387 | Depths:3 | Noticed a golden dragon
 73390 | Depths:3 | Noticed a caustic shrike
 73393 | Depths:3 | Killed a golden dragon
 73397 | Depths:3 | Killed a caustic shrike
 73398 | Depths:3 | Killed a caustic shrike
 73412 | Depths:3 | Reached XP level 23. HP: 130/133 MP: 9/36
 73536 | Depths:3 | Found an ancient bone altar of Kikubaaqudgha.
 74132 | Depths:4 | Entered Level 4 of the Depths
 74460 | Depths:4 | Identified the +2 robe of Kaoliru {Str+2}
 74460 | Depths:4 | Noticed Boris
 74472 | Depths:4 | Killed Boris
 74931 | Depths:4 | Found a gate to the Realm of Zot.
 75080 | Depths:4 | Noticed a caustic shrike
 75080 | Depths:4 | Noticed a caustic shrike
 75080 | Depths:4 | Noticed a caustic shrike
 75080 | Depths:4 | Noticed a caustic shrike
 75080 | Depths:4 | Noticed a caustic shrike
 75371 | Slime:1  | Entered Level 1 of the Pits of Slime
 75829 | Slime:5  | Entered Level 5 of the Pits of Slime
 76903 | Slime:5  | Gained mutation: You sometimes lose your temper in combat.
                  | [a shining eye]
 76929 | Slime:5  | Noticed the Royal Jelly
 77443 | Slime:5  | Killed the Royal Jelly
 77773 | Slime:5  | Found the +7 Spriggan's Knife {stab, EV+4 Stlth+}
 77836 | Slime:5  | Got a slimy rune of Zot
 77854 | Slime:5  | Identified the ring of Beroiqy {rF+ SInv}
 77899 | Slime:5  | Identified the granite talisman "Totirphe" {Str+6 Int-4
                  | Dex+3}
 78317 | Zot:1    | Entered Level 1 of the Realm of Zot
 78444 | Zot:1    | Reached XP level 24. HP: 136/136 MP: 32/37
 79212 | Zot:1    | Identified the +9 dagger of Fortitude {freeze, rCorr}
 79355 | Zot:2    | Noticed an orb of fire
 79362 | Zot:2    | Gained mutation: You are dopey. (Int -2) [an orb of fire]
 79366 | Zot:2    | Gained mutation: You have an uncontrollable temper. [an orb
                  | of fire]
 79367 | Zot:2    | Gained mutation: Your health recovers twice as slowly from
                  | being drained. [an orb of fire]
 79371 | Zot:2    | Killed an orb of fire
 79471 | Zot:1    | Lost mutation: Your health recovers twice as slowly from
                  | being drained. [potion of mutation]
 79471 | Zot:1    | Lost mutation: You have an uncontrollable temper. [potion
                  | of mutation]
 79471 | Zot:1    | Gained mutation: You are agile. (Dex +4, Str/Int -1)
                  | [potion of mutation]
 79471 | Zot:1    | Gained mutation: You are strong-willed. (Will+) [potion of
                  | mutation]
 79472 | Zot:1    | Lost mutation: You are strong-willed. (Will+) [potion of
                  | mutation]
 79472 | Zot:1    | Lost mutation: You are dopey. (Int -2) [potion of mutation]
 79472 | Zot:1    | Gained mutation: You are weak. (Str -2) [potion of
                  | mutation]
 79472 | Zot:1    | Gained mutation: You have hidden genetic potential. [potion
                  | of mutation]
 79473 | Zot:1    | Lost mutation: You are agile. (Dex +4, Str/Int -1) [potion
                  | of mutation]
 79473 | Zot:1    | Lost mutation: You are weak. (Str -2) [potion of mutation]
 79473 | Zot:1    | Gained mutation: You are dopey. (Int -2) [potion of
                  | mutation]
 79473 | Zot:1    | Gained mutation: You are partially covered in large bone
                  | plates. (SH +4) [potion of mutation]
 79473 | Zot:1    | Gained mutation: You are partially covered in iridescent
                  | scales. (AC +2) [potion of mutation]
 79474 | Zot:1    | Lost mutation: You sometimes lose your temper in combat.
                  | [potion of mutation]
 79474 | Zot:1    | Lost mutation: You have hidden genetic potential. [potion
                  | of mutation]
 79474 | Zot:1    | Gained mutation: You possess an exceptional clarity of
                  | mind. [potion of mutation]
 79474 | Zot:1    | Gained mutation: Your flesh is heat resistant. (rF+)
                  | [potion of mutation]
 79699 | Zot:2    | You fall into a shaft and drop 1 floor!
 80609 | Zot:3    | Reached skill level 10 in Spellcasting
 80663 | Zot:3    | Identified the death talisman "Sodoem" {+Blink rF+ Str+2
                  | Dex-4}
 82175 | Zot:5    | Entered Level 5 of the Realm of Zot
 82927 | Zot:5    | Noticed an orb of fire
 82934 | Zot:5    | Killed an orb of fire
 82939 | Zot:5    | Noticed an orb of fire
 82944 | Zot:5    | Killed an orb of fire
 82973 | Zot:5    | Reached XP level 25. HP: 147/147 MP: 37/39
 83034 | Zot:5    | Noticed a Killer Klown
 83057 | Zot:5    | Killed a Killer Klown
 83620 | Zot:5    | Noticed an orb of fire
 83624 | Zot:5    | Gained mutation: You are frail. (-10% HP) [an orb of fire]
 83626 | Zot:5    | Gained mutation: You are weak. (Str -2) [an orb of fire]
 83632 | Zot:5    | Killed an orb of fire
 83661 | Zot:5    | Noticed an orb of fire
 83666 | Zot:5    | Gained mutation: You are clumsy. (Dex -2) [an orb of fire]
 83672 | Zot:5    | Killed an orb of fire
 83975 | Zot:5    | Noticed a Killer Klown
 83990 | Zot:5    | Killed a Killer Klown
 84338 | Zot:5    | Lost mutation: You are clumsy. (Dex -2) [potion of
                  | mutation]
 84338 | Zot:5    | Lost mutation: You are dopey. (Int -2) [potion of mutation]
 84338 | Zot:5    | Gained mutation: You have very sharp fingernails. [potion
                  | of mutation]
 84339 | Zot:5    | Lost mutation: You are partially covered in large bone
                  | plates. (SH +4) [potion of mutation]
 84339 | Zot:5    | Lost mutation: You have very sharp fingernails. [potion of
                  | mutation]
 84339 | Zot:5    | Lost mutation: You are frail. (-10% HP) [potion of
                  | mutation]
 84339 | Zot:5    | Lost mutation: You are partially covered in iridescent
                  | scales. (AC +2) [potion of mutation]
 84339 | Zot:5    | Gained mutation: You are partially covered in large bone
                  | plates. (SH +4) [potion of mutation]
 84339 | Zot:5    | Gained mutation: You passively map a small area around you.
                  | [potion of mutation]
 84339 | Zot:5    | Gained mutation: A frigid envelope surrounds you and
                  | freezes all who hurt you. [potion of mutation]
 84340 | Zot:5    | Got the Orb of Zot
 84371 | Zot:4    | Noticed Fuutti the pandemonium lord
 84381 | Zot:4    | Killed Fuutti the pandemonium lord
 84619 | Depths:2 | Noticed Ydapri the pandemonium lord
 84680 | D:14     | Lost mutation: You are weak. (Str -2) [potion of mutation]
 84680 | D:14     | Lost mutation: You possess an exceptional clarity of mind.
                  | [potion of mutation]
 84680 | D:14     | Gained mutation: Your spells are a little harder to cast,
                  | but a little more powerful. [potion of mutation]
 84680 | D:14     | Gained mutation: You are strong-willed. (Will+) [potion of
                  | mutation]
 84680 | D:14     | Gained mutation: You are partially covered in iridescent
                  | scales. (AC +2) [potion of mutation]
 84680 | D:14     | Gained mutation: You are agile. (Dex +4, Str/Int -1)
                  | [potion of mutation]
 84946 | D:7      | Noticed Vackuo the pandemonium lord
 84956 | D:7      | Killed Vackuo the pandemonium lord
 84960 | D:7      | Gained mutation: You are weak. (Str -2) [a neqoxec]
 85152 | D:$      | Escaped with the Orb!

Illustrated notes

Levels and vault maps discovered:
D:1:      sevenhm_arrival_forest_fort_small_6, layout_basic
D:2:      minmay_chambers_of_twos, layout_loops_ring, amcnicky_mini_pool_small,
          st_stairs_5
D:3:      layout_basic, minmay_snake_closets
D:4:      layout_rooms, fedhas_ov_isle_minmay, serial_corexii_hall,
          corexii_hall_statues_x, corexii_hall_statues_u,
          corexii_hall_statues_deadend, eino_tiny_chamber, grunt_ministairs_5
D:5:      layout_loops_ring, mainiacjoe_overflow_surrounded_room,
          kennysheep_little_box, nicolae_tso_swordbearing_angel,
          minmay_temple_entry_sparse_star, uniq_grinder
D:6:      layout_loops_ring
D:7:      layout_loops_cross, grunt_dithmenos_smoke, xom_confusion_cloud,
          serial_bayou_crossing
D:8:      kennysheep_blocky_room, layout_rooms,
          gammafunk_ghost_wrathful_warriors
D:9:      layout_loops_ring, grunt_qazlal_clouds,
          chequers_temple_overflow_statue_of_worship
D:10:     dpeg_index_elf_rogue_hall, layout_cave_pools, ashenzari_altar_1,
          serial_column_ruins, column_ruins_open_small,
          column_ruins_columns_corner, column_ruins_open_small,
          column_ruins_columns_straight, minmay_bent
D:11:     layout_stronghold, lair_entry_dummy, orc_0_dummy
D:12:     layout_cross, minmay_hollow_rounded_squares, uniq_maurice,
          uniq_erolcha
D:13:     layout_stronghold, feat_on_display
D:14:     layout_loops_ring, skrybe_vaults_entry_preservation,
          gammafunk_ghost_necromancy, lightli_minifort, uniq_roxanne
D:15:     gammafunk_depths_entry_grave, layout_loops_ring,
          nicolae_gozag_zags_fifth_avenue, minmay_puff, uniq_josephine,
          uniq_jorgrun
Lair:1:   layout_regular_city, chequers_serial_rivers_marsh,
          grunt_forest_stairs_basic, hangedman_lair_generics_rect
Lair:2:   layout_chaotic_city, dummy_spider_entry, basic_altar,
          chequers_serial_rivers_small_b, nzn_sisyphean_effort
Lair:3:   layout_loops_ring, elwin_shoals_entry_stream, minmay_holes
Lair:4:   layout_hall_layers, minmay_slime_entry_pillars,
          gauntlet_entry_generic, wad_woods_road_02, grunt_megastairs_1,
          infiniplex_staircase_pool
Lair:5:   evilmike_catoblepas_cave, layout_big_grid,
          lightli_volcano_entry_magma_tube, basic_altar,
          hangedman_lair_unloving_vines, lemuel_fruit_tree, grunt_megastairs_5,
          serial_bayou_shore_b
Shoals:1: cheibrodos_shoals_satyrical_garden, layout_shoals, uniq_donald
Shoals:2: layout_shoals, ldierk_geyser
Shoals:3: layout_shoals, gammafunk_ghost_grave, serial_shops, shop,
          lemuel_altar_in_water
Shoals:4: shoals_end_simple, layout_shoals, gammafunk_ghost_grave,
          nicolae_shoals_siren_and_animal_friends
Spider:1: layout_spider_delve
Spider:2: layout_cave_pods, uniq_arachne, uniq_mlioglotl
Spider:3: layout_spider_delve, nicolae_spider_stair_cavern
Spider:4: johnstein_spider_rune_arachne_lair,
          nicolae_spider_some_kinda_spiderbox
Slime:1:  layout_caves
Slime:2:  layout_caves, basic_altar
Slime:3:  layout_caves
Slime:4:  layout_caves, nicolae_slime_phagocytosis
Slime:5:  slime_pit_nicolae_royal_road_to_ruin
Orc:1:    layout_diamond_mine, basic_altar, nicolae_orc_lost_temple
Orc:2:    st_orc_mages, layout_caves, uniq_saint_roka
Elf:1:    eino_elf_arrival_shootout, layout_gridlike, mu_enter_wizlab_1,
          minmay_elf_necromancy, st_stairs_7, uniq_louise
Elf:2:    nicolae_elf_blades_crystal_corner, layout_geoelf_octagon,
          serial_shops, nicolae_shop_temple_entry_statues_fountains
Elf:3:    minmay_elf_hall_spiked, layout_loops_corners, serial_shops,
          nicolae_shop_drivethru, nicolae_concentric_dashed_squares_mild
Vaults:1: nicolae_vaults_prndl, serial_ice_m, v_alt_pattern_3,
          hangedman_vaults_nails, vaults_room_door_ring, v_pattern_4,
          nicolae_vaults_hallways_thing, vaults_room_fours,
          nicolae_vaults_more_shelving_1, vaults_room_corners,
          hangedman_vaults_variations, ontoclasm_vaults_ligature,
          layout_vaults_big_cross, uniq_boris, uniq_asterion
Vaults:2: ontoclasm_vaults_eye, ontoclasm_vaults_fault,
          nicolae_vaults_trapezoid_4, nicolae_vaults_wine_cellar,
          vaults_room_door_ring, v_misc_3, nicolae_vaults_little_squares_1,
          layout_vaults_omnigrid, serial_shops, shop
Vaults:3: minmay_crypt_entry_vampire_xt, nicolae_vaults_shelves_hall,
          nicolae_vaults_tetromino_L_2, ontoclasm_vaults_hangar,
          dpeg_vaults_monster_box, v_misc_27, v_misc_11,
          nicolae_vaults_windows_and_doors_thing,
          nicolae_vaults_little_squares_4, minmay_orc_keep,
          vaults_mumra_chevron, nicolae_vaults_tetromino_L_1,
          nicolae_vaults_asterisk, nicolae_vaults_three_branches,
          layout_vaults_big_room, serial_shops, nicolae_shop_dealshenge
Vaults:4: nicolae_vaults_hexular_roomagon, vaults_room_corners,
          hangedman_vaults_stagger, v_alt_pattern_4,
          nicolae_vaults_angled_halls, lightli_orcish_oven,
          vaults_mumra_minichess_inversion, hangedman_vaults_river_flow,
          ontoclasm_vaults_loading_screen, grunt_vaults_trifunnel,
          vaults_room_pools, grunt_vaults_hallway_long, nicolae_vaults_theta,
          vaults_room_grid, layout_vaults_omnibox
Depths:1: layout_cave_pools, serial_shops, shop, nicolae_sif_muna_condensation,
          lightli_too_deep, kb_rosetta, serial_bayou_shore_b
Depths:2: kennysheep_spiral_hall, layout_cave_shapes, enter_ziggurat_f,
          kennysheep_big_empty_room, abyss_entry_crystal, enter_trove_0,
          grunt_hell_entry_dis_grunt, rand_demon_pan_entry_9, uniq_nikola,
          uniq_mara
Depths:3: hangedman_hanging_gardens, layout_gridlike, hell_entry,
          rand_demon_pan_entry_3, nicolae_abyss_entry_one_way_or_another,
          hangedman_decor_slide_cut, minmay_misc_feat_tower, drop_trap,
          kiku_gazebo_garden_becter, uniq_parghit
Depths:4: grunt_zot_entry_bicorn, layout_gridlike, grunt_pan_entry_zigzag,
          hell_entry
Zot:1:    layout_gridlike
Zot:2:    layout_misc_corridors
Zot:3:    layout_gridlike, regret_index_zotdec_onion_hex, grunt_megastairs_2
Zot:4:    layout_cathedral_of_symmetry, regret_index_zotdec_glowing_original
Zot:5:    layout_cellular_growth

Skill      XL: |  1  2  3  4  5  6  7  8  9 10 11 12 13 14 15 16 17 18 19 20 21 22 23 24 25 |
---------------+----------------------------------------------------------------------------+-----
Stealth        | 1 2 3 4 6 7 9 10 | 10.0
Fighting       | 4 5 7 8 9 10 11 12 13 14 15 16 18 19 20 | 20.0
Unarmed Combat | 4 5 7 8 9 10 11 12 13 14 15 16 18 19 20 | 20.0
Dodging        | 5 6 7 8 9 10 11 12 13 14 16 18 19 20 22 | 22.0
Invocations    | 1 2 3 4 5 6 7 8 9 10 | 10.0
Spellcasting   | 1 2 4 5 6 8 9 11 13 | 13.2
Conjurations   | 1 2 3 4 5 6 8 10 | 10.0
Air Magic      | 1 2 3 4 |  4.0
Alchemy        | 1 2 4 5 6 8 10 | 10.0
Earth Magic    | 1 3 4 |  4.0
Evocations     | 1 4 6 |  6.0
Shapeshifting  | 1 3 6 10 12 13 14 16 17 18 20 21 | 21.9
Hexes          | 5 9 10 | 10.0

Action                     |  1- 3 |  4- 6 |  7- 9 | 10-12 | 13-15 | 16-18 | 19-21 | 22-24 | 25-27 || total
---------------------------+-------+-------+-------+-------+-------+-------+-------+-------+-------++-------
  Melee: Unarmed           |   109 |   115 |   253 |   480 |   877 |  1132 |  1403 |  1300 |   320 ||  5989
         Bite              |    10 |    15 |    20 |    59 |   119 |    81 |    45 |   255 |    77 ||   681
         Punch             |     1 |     3 |    17 |    38 |    88 |    56 |    29 |   244 |    63 ||   539
         Constrict         |       |       |       |       |       |   178 |   288 |       |       ||   466
   Cast: Mephitic Cloud    |       |       |       |    68 |   171 |   286 |   201 |    59 |    14 ||   799
         Mercury Vapours   |       |       |       |    26 |     5 |     1 |       |       |       ||    32
         Stone Arrow       |       |       |       |     2 |    73 |    31 |    34 |       |     1 ||   141
         Olgreb's Toxic Ra |       |       |       |       |    69 |   144 |    22 |    20 |     4 ||   259
         Fulminant Prism   |       |       |       |       |     7 |    39 |    17 |       |       ||    63
         Irradiate         |       |       |       |       |       |       |    25 |    21 |     5 ||    51
         Yara's Violent Un |       |       |       |       |       |       |    17 |    10 |     2 ||    29
 Invoke: Grow Ballistomyce |       |       |     4 |     6 |     4 |     2 |       |       |     1 ||    17
         Overgrow          |       |       |       |       |     3 |     3 |       |       |       ||     6
         Grow Oklob        |       |       |       |       |       |     1 |     1 |       |       ||     2
  Evoke: Wand              |       |       |     9 |    13 |    17 |    20 |     3 |     7 |     4 ||    73
         Lightning rod     |       |       |       |       |     7 |    12 |       |     4 |     3 ||    26
         Tin of tremorston |       |       |       |       |       |     5 |       |     4 |     2 ||    11
         Phial of floods   |       |       |       |       |       |     1 |     1 |     1 |       ||     3
         Phantom mirror    |       |       |       |       |       |     1 |     1 |       |       ||     2
    Use: Potion            |     1 |     2 |     6 |     7 |     6 |    11 |     7 |    10 |     9 ||    59
         Scroll            |     2 |     8 |     6 |     7 |    12 |    14 |     6 |    13 |     4 ||    72
   Stab: Sleeping          |     4 |    12 |     7 |     9 |     9 |    10 |    16 |    20 |       ||    87
         Invisible         |       |     2 |       |     1 |     8 |     4 |       |       |       ||    15
         Confused          |       |       |     2 |    60 |   146 |   272 |   215 |    48 |    12 ||   755
         Distracted        |       |       |     1 |     1 |     1 |     4 |     3 |     1 |       ||    11
         Paralysed         |       |       |       |       |     3 |     1 |       |     1 |       ||     5
         Petrified         |       |       |       |       |       |       |       |     4 |       ||     4
         Petrifying        |       |       |       |       |       |       |       |     2 |       ||     2
 Armour: Skin              |    31 |    33 |    83 |    96 |   145 |   310 |   350 |   494 |   104 ||  1646
  Dodge: Dodged            |    81 |    93 |   200 |   377 |   652 |  1270 |  1108 |  2337 |   465 ||  6583
  Block: Other             |       |       |       |    23 |   130 |   209 |   250 |   506 |   135 ||  1253
         Reflection        |       |       |       |       |     6 |    12 |     2 |       |       ||    20
   Form: Serpent           |       |       |       |       |       |     1 |       |       |       ||     1
         Statue            |       |       |       |       |       |       |     1 |     1 |       ||     2

Table legend: (Time is in decaauts)
 A = Elapsed time spent in this place.
 B = Non-inter-level travel time spent in this place.
 C = Inter-level travel time spent in this place.
 D = Time resting spent in this place.
 E = Time spent auto-exploring this place.
 F = Levels seen in this place.
 G = Mean time per level.
                   A        B        C        D        E       F      G
               +--------+--------+--------+--------+--------+-----+--------+
         Total |  91485 |  84714 |   6771 |  14909 |  46319 |  56 | 1633.7 |
       Dungeon |  23546 |  20554 |   2992 |   3023 |  11710 |  15 | 1569.7 |
          Lair |   8974 |   8011 |    963 |   1257 |   4280 |   5 | 1794.8 |
        Shoals |   8572 |   8261 |    311 |   1858 |   3964 |   4 | 2143.0 |
   Spider Nest |   7823 |   7559 |    264 |   1034 |   4702 |   4 | 1955.8 |
    Slime Pits |   3917 |   3692 |    225 |    598 |   1550 |   5 |  783.4 |
  Orcish Mines |   2936 |   2587 |    349 |    400 |   1391 |   2 | 1468.0 |
   Elven Halls |   8490 |   8209 |    281 |   2986 |   3035 |   3 | 2830.0 |
        Vaults |   7824 |   7486 |    338 |    721 |   5143 |   4 | 1956.0 |
        Depths |   7073 |   6565 |    508 |    164 |   4725 |   4 | 1768.2 |
           Zot |   8963 |   8426 |    537 |    942 |   5596 |   5 | 1792.6 |
         Abyss |    632 |    632 |      0 |    284 |      0 |   2 |  316.0 |
         Trove |     64 |     64 |      0 |      0 |     45 |   1 |   64.0 |
        Wizlab |   2366 |   2366 |      0 |   1637 |      0 |   1 | 2366.0 |
      Gauntlet |    300 |    300 |      0 |      0 |    175 |   1 |  300.0 |
               +--------+--------+--------+--------+--------+-----+--------+

Top non-repeatable levels by time:
   Elf:3: 3214 daAuts
Shoals:3: 3116 daAuts
   Elf:2: 3064 daAuts
   Zot:5: 2791 daAuts
     D:9: 2778 daAuts
Spider:4: 2758 daAuts
  WizLab: 2366 daAuts
  Lair:5: 2354 daAuts
    D:10: 2236 daAuts
    D:14: 2222 daAuts
   Elf:1: 2211 daAuts
Shoals:4: 2174 daAuts
     D:8: 2163 daAuts
Vaults:4: 2117 daAuts
  Lair:4: 2059 daAuts
